 Dungeon Crawl Stone Soup version 0.29.1-15-g9cfb28693d (webtiles) character file.

Game seed: 17099103839669074140

90 protoss039 the Digger (level 4, -7/32 HPs)
             Began as a Demonspawn Earth Elementalist on Mar 1, 2023.
             Mangled by Crazy Yiuf
             ... wielding a +2 quarterstaff of chaos
              (9 damage)
             ... on level 2 of the Dungeon.
             The game lasted 00:03:14 (2931 turns).

protoss039 the Digger (DsEE)                        Turns: 2931, Time: 00:03:14

Health: -7/32      AC:  6    Str:  8    XL:     4   Next: 32%
Magic:  5/7        EV: 11    Int: 19    God:
Gold:   130        SH:  4    Dex: 13    Spells: 7/8 levels left

rFire   . . .      SeeInvis .   i - +5 club
rCold   . . .      Faith    .   e - +0 buckler
rNeg    . . .      Spirit   .   g - +0 leather armour
rPois   .          Reflect  .   o - +0 helmet
rElec   .          Harm     .   q - +0 cloak
rCorr   .          Rampage  .   (no gloves)
Will    .....                   m - +0 pair of boots
Stlth   ++........              (no amulet)
HPRegen 0.10/turn               f - +4 ring of slaying
MPRegen 0.10/turn               (no ring)

@: lethally poisoned (-7 -> -14), very slightly contaminated, studying
Conjurations
A: foul stench 1, demonic touch 2
a: no special abilities


You were on level 2 of the Dungeon.
You visited 1 branch of the dungeon, and saw 2 of its levels.

You collected 130 gold pieces.

Inventory:

Hand Weapons
 i - a +5 club (weapon)
Armour
 e - a +0 buckler (worn)
 g - a +0 leather armour (worn)
 m - a +0 pair of boots (worn)
 o - a +0 helmet (worn)
 p - +0 fire dragon scales
 q - a +0 cloak (worn)
Jewellery
 f - a +4 ring of slaying (left hand)
Scrolls
 a - 2 scrolls of identify {unknown}
 l - a scroll of fog {unknown}
 n - a scroll of teleportation {unknown}
Potions
 b - a potion of magic
 c - a potion of ambrosia {unknown}
 d - a potion of flight {unknown}
 h - a potion of cancellation {unknown}
 j - 2 potions of heal wounds {unknown}
 k - 2 potions of degeneration {unknown}


   Skills:
 + Level 1.5 Fighting
 - Level 1.7 Dodging
 - Level 1.7 Stealth
 + Level 1.2 Shields
 + Level 2.6 Spellcasting
 + Level 2.2 Conjurations
 - Level 0.8 Transmutations
 + Level 3.2 Earth Magic


You had 7 spell levels left.
You knew the following spells:

 Your Spells              Type           Power      Damage    Failure   Level
a - Sandblast             Erth           28%        2d8       9%          1

Your spell library contained the following spells:

 Spells                   Type           Power      Damage    Failure   Level
 Passwall                 Tmut/Erth      8%         N/A       21%         2
 Stone Arrow              Conj/Erth      24%        3d8       30%         3
 Petrify                  Tmut/Erth      10%        N/A       78%         4


Dungeon Overview and Level Annotations

Branches:
Dungeon (2/15) Zot: 9029

Altars:

Annotations:
D:1 Robin
D:2 Crazy Yiuf


Innate Abilities, Weirdness & Mutations

You may rarely emit foul miasma when damaged in melee.
Your touch may inflict irresistible damage on your foes.


Message History

There is a shaft here.
Key pressed, stopping explore.
Found a stone staircase leading down.
Crazy Yiuf shouts!
Could not explore, unopened runed door.
Could not explore, unopened runed door.
Could not explore, unopened runed door.
You open the door. Crazy Yiuf attacks as you move away!
Crazy Yiuf barely misses you.
Casting: Sandblast (safe; 9% risk of failure)
Confirm with . or Enter, or press ? or * to list all spells.
Aiming: Sandblast (safe; 9% risk of failure)
Press: ? - help, Shift-Dir - straight line, f - Crazy Yiuf
Aim: Crazy Yiuf, wielding a +2 quarterstaff of chaos and wearing a +2 cloak (84% to hit)
The blast of sand hits Crazy Yiuf.
Crazy Yiuf is lightly wounded.
Crazy Yiuf barely misses you.
Casting: Sandblast (safe; 9% risk of failure)
Confirm with . or Enter, or press ? or * to list all spells.
Aiming: Sandblast (safe; 9% risk of failure)
Press: ? - help, Shift-Dir - straight line, f/p - Crazy Yiuf
Aim: Crazy Yiuf, wielding a +2 quarterstaff of chaos and wearing a +2 cloak (lightly wounded, 84% to hit)
You miscast Sandblast.
You are very lightly contaminated with residual magic.
Nothing appears to happen.
Crazy Yiuf hits you with a +2 quarterstaff of chaos!
You are poisoned.
You thump Crazy Yiuf!
Crazy Yiuf is heavily wounded.
You feel very sick. Crazy Yiuf barely misses you.
Unknown command.
You hit Crazy Yiuf.
Crazy Yiuf is almost dead.
You feel very sick.
Crazy Yiuf twirls on the spot.
Crazy Yiuf hits you with a +2 quarterstaff of chaos!
* * * LOW HITPOINT WARNING * * *
Crazy Yiuf hits you with a +2 quarterstaff of chaos!
You die...

#.####.# #.# #.## #.#
#.# #..# ### ### ##.#
#.# #.###♣♣ ###
#.....♣♣ ♣♣#..)#
#######......♣♣♣♣g'...#
..............♣.@♣#...#
#########....♣.♣♣♣ ###
###♣♣♣♣♣ ### ### ##.##
#.# ##.#.## #.#
####.###.###.# #...##
##.##.#


You could see Crazy Yiuf.

Vanquished Creatures
  Jessica (D:2)
  A worm (D:2)
  4 endoplasms
  A giant cockroach (D:2)
  14 goblins
  2 hobgoblins
  3 jackals (D:2)
  2 quokkas
  5 ball pythons
  3 bats
  3 frilled lizards
  7 kobolds
  13 rats (D:2)
59 creatures vanquished.

Notes
Turn   | Place    | Note
-------+----------+-------------------------------------------
     0 | D:1      | protoss039 the Demonspawn Earth Elementalist began the
                  | quest for the Orb.
     0 | D:1      | Reached XP level 1. HP: 13/13 MP: 3/3
   630 | D:1      | Found a faded altar of an unknown god.
   844 | D:1      | Gained mutation: Your touch may inflict minor irresistible
                  | damage on your foes. [demonic ancestry]
   844 | D:1      | Reached XP level 2. HP: 20/20 MP: 3/5
   982 | D:2      | Noticed Robin
  1091 | D:1      | Reached skill level 1 in Conjurations
  1157 | D:1      | Reached skill level 3 in Earth Magic
  1210 | D:2      | Reached skill level 1 in Fighting
  1450 | D:2      | Noticed Jessica
  1454 | D:2      | Killed Jessica
  1455 | D:2      | Gained mutation: You may rarely emit foul miasma when
                  | damaged in melee. [demonic ancestry]
  1455 | D:2      | Reached XP level 3. HP: 26/26 MP: 1/6
  1551 | D:2      | Reached skill level 1 in Shields
  2192 | D:2      | Gained mutation: Your touch may inflict irresistible damage
                  | on your foes. [demonic ancestry]
  2192 | D:2      | Reached XP level 4. HP: 32/32 MP: 7/7
  2576 | D:2      | Found a runed translucent door.
  2577 | D:2      | Noticed Crazy Yiuf
  2931 | D:2      | Mangled by Crazy Yiuf

Illustrated notes

Levels and vault maps discovered:
D:1:      tarquinn_simple_flora_water_b, layout_basic,
          ebering_ecumenical_altar_box
D:2:      minmay_razor_zed, layout_loops_ring, minmay_rat_gold_closets,
          uniq_crazy_yiuf_cottage, uniq_jessica, uniq_robin

Skill      XL: |  1  2  3 |
---------------+----------+-----
Conjurations   | 1 2 |  2.2
Earth Magic    | 3 |  3.2
Fighting       | 1 |  1.5
Shields        | 1 |  1.2
Dodging        | |  1.7
Stealth        | |  1.7
Spellcasting   | |  2.6
Transmutations | |  0.8

Action                   |  1- 3 |  4- 6 || total
-------------------------+-------+-------++-------
Melee: Dagger            |     2 |       ||     2
       Club              |    26 |    36 ||    62
 Cast: Sandblast         |    32 |     1 ||    33
 Stab: Sleeping          |     4 |     3 ||     7
       Distracted        |       |     1 ||     1
Armor: Robe              |     2 |       ||     2
       Leather armour    |    15 |     7 ||    22
Dodge: Dodged            |    30 |    16 ||    46
Block: Buckler           |    13 |     5 ||    18
